[Event "Late-Titled-Tuesday-Blitz-July-09-2024"]
[Site "Chess.com"]
[Date "2024.07.09"]
[Round "1"]
[White "KebabJangles"]
[Black "alreadybroken23"]
[Result "1-0"]
[WhiteElo "2372"]
[BlackElo "2658"]
[TimeControl "180+1"]
[EndTime "14:07:34 PDT"]
[Termination "KebabJangles won by resignation"]

1. d4 d5 2. Bf4 Nf6 3. e3 c5 4. Nf3 Nc6 5. Nbd2 cxd4 6. exd4 Bf5 7. c3 e6 8. Bb5 Bd6 9. Ne5 Rc8 10. O-O O-O 11. Re1 Qc7 12. Bxc6 bxc6 13. Nb3 Rb8 14.
f3 a5 15. Qd2 Qb6 16. Re2 a4 17. Nc1 c5 18. Be3 Rfc8 19. Ncd3 cxd4 20. Bxd4 Qb7 21. a3 Nd7 22. Nxd7 Qxd7 23. Ne5 Qb7 24. Rae1 f6 25. Nd3 e5 26. Bf2 Qb5 27. Nb4 Bxb4 28. axb4 Rd8 29. f4 e4 30. Bd4 Bg4 31. Re3 Ra8 32. Ra1 h5 33. h3 Be6 34. Ra3 Qc4 35. Rg3 Kf7 36. Re3 g6 37. Qf2 Bf5 38. Qh4 Qc6 39. Qe1 Rdb8 40. Qh4 Bd7 41. Qg3 Rg8 42. Qf2 Ke7 43.
Re1 Kf7 44. Rea1 Qe6 45. b3 g5 46. f5 Qxf5 47. Qxf5 Bxf5 48. bxa4 h4 49. a5 Bd7 50.
a6 f5 51. a7 f4 52. Ra6 Rg6 53. Rxg6 Kxg6 54. Ra6+ Kh5 55. Rd6 Bb5 56. Bb6 e3 57. Re6 e2 58. Bd4 g4 59. Re5+ Kg6 60. hxg4 h3 61.
gxh3 f3 62. Kf2 Rg8 63. h4 Rf8 64. h5+ Kh7 65. g5 Kg8 66. g6 Rf5 67. Rxf5 1-0

[Event "Late-Titled-Tuesday-Blitz-July-09-2024"]
[Site "Chess.com"]
[Date "2024.07.09"]
[Round "1"]
[White "prxcess_brownie"]
[Black "TokChess"]
[Result "1/2-1/2"]
[WhiteElo "2225"]
[BlackElo "2584"]
[TimeControl "180+1"]
[EndTime "14:07:34 PDT"]
[Termination "Game drawn by repetition"]

1. c4 e5 2. Nc3 d6 3. g3 Nf6 4. Bg2 Nbd7 5. d3 Be7 6. Nf3 O-O 7.
O-O Re8 8. e4 Bf8 9. h3 c6 10.
Kh2 a6 11. Be3 b5 12. Nd2 Bb7 13. a3 Nc5 14. Qc2 Ne6 15. f4 Nd4 16. Bxd4 exd4 17. Ne2 bxc4 18. Nxc4 c5 19. b4 d5 20. exd5 Bxd5 21.
bxc5 Bxg2 22. Kxg2 Rc8 23. Qb2 Bxc5 24. Rae1 Rb8 25.
Qa1 Rb3 26. Nc1 Rc3 27. Qb2 h5 28. Re5 Rxe5 29. fxe5 Nd5 30. Qb7 Rc2+ 31. Kh1 Be7 32.
Nb3 Ne3 33. Nxe3 dxe3 34. Qe4 Rc3 35. Nd4 Bc5 36. Nf5 Qxd3 37. Qa8+ Kh7 38. Qf3 g6 39.
Nd6 Bxd6 40. Qxf7+ Kh6 41. Qf4+ Kh7 42. Qf7+ Kh6 43.
Qf4+ Kh7 44. Qf7+ 1/2-1/2

[Event "Late-Titled-Tuesday-Blitz-July-09-2024"]
[Site "Chess.com"]
[Date "2024.07.09"]
[Round "1"]
[White "realburq"]
[Black "ChessBrainiacOnTwitch"]
[Result "0-1"]
[WhiteElo "2439"]
[BlackElo "2816"]
[TimeControl "180+1"]
[EndTime "14:07:36 PDT"]
[Termination "ChessBrainiacOnTwitch won by resignation"]

1. e4 c5 2. Nf3 d6 3. Bb5+ Nd7 4.
O-O Nf6 5. Re1 a6 6. Bf1 e6 7.
c3 b6 8. d4 Bb7 9. Nbd2 Be7 10. h3 O-O 11. Bd3 Qc7 12. Nf1 Rfe8 13. Ng3 b5 14. Bd2 Rac8 15. Rc1 Bf8 16. Qe2 cxd4 17. cxd4 Qb6 18. a3 Rc7 19. Rxc7 Qxc7 20. Rc1 Qb6 21. Be3 d5 22. e5 Ne4 23. Bxe4 dxe4 24. Nd2 f5 25.
exf6 Nxf6 26. d5 Qd6 27. dxe6 Qxe6 28. Nh5 Nd5 29. Nf4 Nxf4 30. Bxf4 Qf6 31. Qg4 Qxb2 32. Rc7 Ba8 33. Qd7 Re7 34. Qd8 Rxc7 35. Qxc7 Qf6 36. Be3 Qf7 37. Qc3 h6 38. Nb3 Bd5 39. Nc5 Qg6 40. Qe5 Qc6 41. g3 Bxc5 42. Bxc5 Qxc5 43. Qe8+ Qf8 44. Qe5 Qf7 45. Qb8+ Kh7 46. Qe5 e3 47. Qxe3 Qf3 48. Qxf3 Bxf3 49. g4 a5 0-1

[Event "Late-Titled-Tuesday-Blitz-July-09-2024"]
[Site "Chess.com"]
[Date "2024.07.09"]
[Round "1"]
[White "slidingknight2775"]
[Black "szachmistrz2500"]
[Result "1/2-1/2"]
[WhiteElo "2733"]
[BlackElo "2417"]
[TimeControl "180+1"]
[EndTime "14:07:36 PDT"]
[Termination "Game drawn by stalemate"]

1. c4 Nf6 2. Nf3 g6 3. b3 Bg7 4. Bb2 d6 5. d4 O-O 6. e3 e5 7. dxe5 Ng4 8. Be2 Nxe5 9. Nc3 Nbc6 10. O-O Bf5 11. Qd2 Re8 12. Nd5 Be4 13. Nxe5 Nxe5 14. f3 Bxd5 15. cxd5 a5 16. a3 Nd7 17. Bxg7 Kxg7 18. Rac1 Nc5 19. b4 axb4 20. axb4 Na6 21. e4 Kg8 22. Qc3 Re7 23. Bc4 Nb8 24. Bb5 c6 25. Bc4 Nd7 26. Bb3 Qb6+ 27. Kh1 c5 28. bxc5 Nxc5 29. Bc4 Re5 30. Rb1 Qa5 31. Qxa5 Rxa5 32.
Rb6 Ra4 33. Rc1 f5 34. Rxd6 fxe4 35. Rd8+ Kg7 36. f4 Rf5 37. g3 Nd3 38. Bxd3 exd3 39.
Rd1 Rd4 40. Rd7+ Rf7 41. Rd6 d2 42. Kg2 Re7 43. Re6 Rxe6 44. dxe6 Kf6 45. Kf3 Kxe6 46. Ke3 Kd5 47. g4 b5 48. f5 gxf5 49. gxf5 Ke5 50. f6 Rd8 51. f7 Kf5 52. Rxd2 Rf8 53. Rd5+ Kg6 54. Rxb5 Rxf7 55. Rb6+ Rf6 56. Rxf6+ Kxf6 57. Kf4 h5 58. h4 Kg6 59. Ke5 Kh6 60. Kd6 Kg6 61.
Ke6 Kg7 62. Kf5 Kh8 63. Kg6 Kg8 64. Kxh5 Kh8 65. Kg5 Kg8 66. h5 Kh8 67. Kh6 Kg8 68. Kg6 Kh8 69. h6 Kg8 70. Kf6 Kh8 71. Kf5 Kg8 72. Kg5 Kh8 73. Kg6 Kg8 74. h7+ Kh8 75. Kh6 1/2-1/2

[Event "Late-Titled-Tuesday-Blitz-July-09-2024"]
[Site "Chess.com"]
[Date "2024.07.09"]
[Round "1"]
[White "scrambleyourbrain"]
[Black "varunkrishnanchess"]
[Result "1-0"]
[WhiteElo "2351"]
[BlackElo "2641"]
[TimeControl "180+1"]
[EndTime "14:07:36 PDT"]
[Termination "scrambleyourbrain won on time"]

1. e4 a6 2. d4 e6 3. Nf3 d5 4.
exd5 exd5 5. Nc3 Nf6 6. Bd3 Bd6 7. O-O O-O 8. Re1 c5 9. dxc5 Bxc5 10. Bg5 Be6 11. Qd2 Nc6 12. a3 d4 13. Ne4 Nxe4 14. Rxe4 Qd7 15. Rh4 Bf5 16. Bf4 Rfe8 17. Rh5 Ne7 18. Ne5 Qe6 19. Bc4 Nd5 20. Bxd5 Qxd5 21.
Rxf5 f6 22. Re1 fxe5 23. Rfxe5 Rxe5 24. Bxe5 Re8 25. Bg3 Rf8 26. Qd3 b5 27. h3 Bd6 28.
Bxd6 Qxd6 29. Rd1 Qc6 30. Rd2 Rd8 31. c3 h6 32. cxd4 Qc1+ 33. Kh2 Qc7+ 34. Qg3 Qc6 35. Qe5 Re8 36. Qg3 Rd8 37. Qf4 Qd7 38.
d5 Re8 39. d6 Rf8 40. Qe5 Re8 41. Qd5+ Kh8 42. f4 Rf8 43. Rd4 Re8 44. Qf3 Re6 45.
Qa8+ Kh7 46. Qd5 Rf6 47. Qe5 Re6 48. Qf5+ Kg8 49. b4 Kh8 50. Rd5 1-0

[Event "Late-Titled-Tuesday-Blitz-July-09-2024"]
[Site "Chess.com"]
[Date "2024.07.09"]
[Round "1"]
[White "Bykov_Egor"]
[Black "PhileKhoob"]
[Result "1-0"]
[WhiteElo "2690"]
[BlackElo "2375"]
[TimeControl "180+1"]
[EndTime "14:07:37 PDT"]
[Termination "Bykov_Egor won on time"]

1. Nf3 Nf6 2. g3 g6 3. Bg2 Bg7 4. O-O O-O 5. d4 d5 6. c4 c6 7. Qb3 Qb6 8. Nc3 Bf5 9. c5 Qxb3 10.
axb3 Nbd7 11. b4 a6 12. h3 h5 13. Bf4 Ne4 14. Rfd1 Rfe8 15. Nh4 Nxc3 16. bxc3 Bc2 17. Rd2 Bb3 18. g4 hxg4 19. hxg4 e5 20. Bg5 Nf8 21.
Be3 Bc4 22. g5 Ne6 23. Nf3 Nc7 24. dxe5 Bxe5 25. Nxe5 Rxe5 26. Bf4 Re7 27. Bd6 Rd7 28. Bh3 Ne6 29. f4 Rdd8 30. Kf2 b6 31. Rh1 bxc5 32. bxc5 Ng7 33. Rb2 Ra7 34. Be5 Nh5 35. Bg4 Ng7 36. Kg3 a5 37. e3 a4 38. Rbh2 Nh5+ 39. Bxh5 Kf8 40. Bf6 1-0

[Event "Late-Titled-Tuesday-Blitz-July-09-2024"]
[Site "Chess.com"]
[Date "2024.07.09"]
[Round "1"]
[White "Os55555"]
[Black "ahkashefi2800"]
[Result "1-0"]
[WhiteElo "2327"]
[BlackElo "2615"]
[TimeControl "180+1"]
[EndTime "14:07:37 PDT"]
[Termination "Os55555 won by resignation"]

1. b3 d5 2. e3 Nf6 3. Bb2 c5 4. Nf3 Nc6 5. Bb5 a6 6. Bxc6+ bxc6 7. O-O e6 8. d3 Bd6 9. Nbd2 O-O 10. Ne5 Qc7 11. f4 a5 12. a4 Nd7 13. Nxd7 Bxd7 14.
Qh5 f6 15. Rf3 e5 16. f5 Be8 17. Qh4 g5 18. fxg6 hxg6 19. Rxf6 Be7 20. Rxf8+ Bxf8 21. Nf3 Bg7 22. Qg3 c4 23. Bxe5 Bxe5 24. Qxe5 Qxe5 25. Nxe5 cxb3 26. cxb3 Rb8 27. Rb1 c5 28. Rc1 Rc8 29. d4 c4 30. bxc4 Bxa4 31. Ra1 Bb3 32. cxd5 a4 33. Nd3 Ra8 34. Nc5 Bc2 35. d6 a3 36.
d7 Kf7 37. Nb7 a2 38. d8=Q Rxd8 39. Nxd8+ Ke8 40. Rxa2 Bb1 41. Ra8 Be4 42. Rb8 Kd7 43.
Nf7 Kc7 44. Rg8 Bd5 45. Rg7 Kd7 46. Ne5+ Ke6 47. Rxg6+ Kf5 48. h4 Ke4 49. h5 Bf7 50.
Nxf7 Kf5 51. Ne5 1-0

[Event "Late-Titled-Tuesday-Blitz-July-09-2024"]
[Site "Chess.com"]
[Date "2024.07.09"]
[Round "1"]
[White "tusplingher"]
[Black "pinelone"]
[Result "0-1"]
[WhiteElo "2664"]
[BlackElo "2380"]
[TimeControl "180+1"]
[EndTime "14:07:38 PDT"]
[Termination "pinelone won by resignation"]

1. c4 e6 2. g3 d5 3. Bg2 Nf6 4. Nf3 Be7 5. Kf1 O-O 6. b3 b6 7.
Kg1 Bb7 8. h3 c5 9. Kh2 Nc6 10.
Bb2 d4 11. d3 Qc7 12. Nbd2 e5 13. Re1 h6 14. e3 dxe3 15. Rxe3 Nd7 16. Qe2 Nd4 17.
Qd1 Rae8 18. Ne4 f5 19. Nc3 f4 20. Nxd4 fxe3 21. Ne6 Qb8 22. Nxf8 Rxf8 23. Nd5 Rxf2 24.
Nxe7+ Kh7 25. Nd5 Bxd5 26. cxd5 Rxb2 27. Qc1 Rd2 28. Qe1 Qf8 29. Qxe3 Qf2 30. Qxf2 Rxf2 31. Kg1 Rd2 32. Rf1 Kg8 33. Be4 Nf6 34. Rf2 Rxf2 35. Kxf2 Kf7 36. Kf3 Ke7 37. g4 g5 38. a3 Kd6 39.
Bf5 Nxd5 40. Kg3 Nc3 41. h4 Kd5 42. hxg5 hxg5 43. Kf3 Kd4 44. b4 cxb4 45. axb4 a5 46. bxa5 bxa5 47. Kf2 a4 48. Ke1 a3 49. Be6 a2 50. Bxa2 Nxa2 51. Kd2 Nc3 52. Kc2 Nd5 53. Kd2 Nf4 0-1

[Event "Late-Titled-Tuesday-Blitz-July-09-2024"]
[Site "Chess.com"]
[Date "2024.07.09"]
[Round "1"]
[White "Sacbutt"]
[Black "xhembulla"]
[Result "1-0"]
[WhiteElo "2320"]
[BlackElo "2620"]
[TimeControl "180+1"]
[EndTime "14:07:38 PDT"]
[Termination "Sacbutt won by resignation"]

1. d4 Nf6 2. c4 e6 3. Nf3 b6 4. g3 Ba6 5. b3 Bb4+ 6. Bd2 Be7 7.
Bg2 c6 8. O-O d5 9. Qc2 O-O 10.
Re1 Ne4 11. Bc1 Nd7 12. Bb2 f5 13. Nbd2 Rc8 14. e3 Qe8 15. Ne5 Nxe5 16. dxe5 Nxd2 17.
Qxd2 dxc4 18. Rec1 Rd8 19. Qe1 Qd7 20. bxc4 Qd2 21.
Bc3 Qxe1+ 22. Bxe1 Rd3 23. Bxc6 Rfd8 24. a4 Ba3 25. Rc2 Bc5 26. Kg2 Rd1 27. Rcc1 Rxc1 28. Rxc1 Kf7 29. a5 Rc8 30. Bb5 Bb7+ 31. Kf1 Bf3 32. axb6 Bxb6 33. Bb4 Bc5 34. Bxc5 Rxc5 35. Ra1 Rc7 36. Ke1 g5 37. Kd2 Bh5 38. Kc3 Kg7 39. Ra6 Bf7 40. Kb4 Rb7 41. Kc5 Kf8 42. Kc6 Re7 43. Kd6 Rb7 44. Rc6 h5 45. Rc7 Rb6+ 46. Kc5 h4 47. Rxa7 Rb8 48. Kd6 Rd8+ 49. Rd7 Ra8 50. c5 Ra2 51. c6 Rd2+ 52. Kc7 Rxf2 53. Kb6 Rc2 54. gxh4 f4 55. exf4 gxf4 56. c7 Kg7 57.
Rd8 f3 58. c8=Q Rxc8 59. Rxc8 f2 60. Rc2 Bh5 61. Rxf2 Kg6 62. Rf6+ Kg7 63. Rxe6 Bg4 64. Rf6 Bh3 65. Kc5 1-0

[Event "Late-Titled-Tuesday-Blitz-July-09-2024"]
[Site "Chess.com"]
[Date "2024.07.09"]
[Round "1"]
[White "Lector118"]
[Black "NovakRatko"]
[Result "1-0"]
[WhiteElo "2674"]
[BlackElo "2357"]
[TimeControl "180+1"]
[EndTime "14:07:39 PDT"]
[Termination "Lector118 won on time"]

1. d4 d5 2. Bf4 c5 3. e4 dxe4 4. d5 Nf6 5. Nc3 a6 6. Nge2 e6 7.
dxe6 Qxd1+ 8. Rxd1 Bxe6 9. Ng3 Be7 10. Ngxe4 O-O 11. Be2 Nc6 12. Be3 b6 13. O-O Nxe4 14.
Nxe4 Bf5 15. Nc3 Bxc2 16. Rd7 Bf5 17. Rc7 Rfc8 18. Rxc8+ Bxc8 19. Rd1 Be6 20. Bf3 Rc8 21. Na4 Nd4 22. Nxb6 Nxf3+ 23. gxf3 Rb8 24. Nd5 Bh4 25.
b3 Rd8 26. Nc3 Rc8 27. Rd6 c4 28. b4 Be7 29. Rb6 Bh3 30. f4 Rd8 31. f3 h6 32.
Kf2 Rd3 33. Ne4 Ra3 34. Rc6 Rxa2+ 35. Kg3 Be6 36. Nc5 Bd5 37. Rc7 Bf6 38. Nd7 Ra4 39.
Bc5 Ra3 40. Rc8+ Kh7 41. Nf8+ 1-0

[Event "Late-Titled-Tuesday-Blitz-July-09-2024"]
[Site "Chess.com"]
[Date "2024.07.09"]
[Round "1"]
[White "SchmakAttack"]
[Black "IMVadim"]
[Result "1-0"]
[WhiteElo "2868"]
[BlackElo "2461"]
[TimeControl "180+1"]
[EndTime "14:07:40 PDT"]
[Termination "SchmakAttack won by resignation"]

1. d4 Nf6 2. Bg5 d5 3. Nd2 Nbd7 4. e3 g6 5. Ngf3 Bg7 6. Bd3 O-O 7. O-O c5 8. c3 b6 9. e4 dxe4 10. Nxe4 Bb7 11. Qe2 cxd4 12. Nxd4 a6 13. Rfe1 Qc7 14.
Rad1 e6 15. h3 b5 16. Nxf6+ Nxf6 17. Bc2 Rfe8 18. Bb3 Kh8 19. a3 Bd5 20. Bxf6 Bxf6 21. Bxd5 exd5 22. Qd3 Qc4 23. Qd2 Rxe1+ 24. Rxe1 Bxd4 25.
cxd4 Rc8 26. Qf4 Kg7 27. h4 Qc6 28. h5 h6 29. hxg6 Qxg6 30. Qe5+ Qf6 31. Qg3+ Kh8 32. Re5 Rg8 33. Qe3 Qg6 34. g3 Rc8 35. Rxd5 Kh7 36.
Re5 Rc4 37. d5 Qb1+ 38. Kg2 Qxb2 39. Rf5 Qg7 40. d6 Qg6 41. Rd5 Rc6 42. d7 Rd6 43.
d8=Q Rxd8 44. Rxd8 Qc6+ 45. Qf3 Qc7 46. Qf6 Qb7+ 47.
Kh2 1-0

[Event "Late-Titled-Tuesday-Blitz-July-09-2024"]
[Site "Chess.com"]
[Date "2024.07.09"]
[Round "1"]
[White "Sondremelaa"]
[Black "MikeSailer"]
[Result "1-0"]
[WhiteElo "2555"]
[BlackElo "2091"]
[TimeControl "180+1"]
[EndTime "14:07:41 PDT"]
[Termination "Sondremelaa won on time"]

1. d4 d5 2. Bf4 Nf6 3. e3 c5 4. Nf3 Nc6 5. Nbd2 Bg4 6. h3 Bh5 7. Bb5 e6 8. g4 Bg6 9. Ne5 Qb6 10. c4 cxd4 11. O-O Bb4 12. exd4 Bxd2 13. Qxd2 O-O 14. Qe3 Nxd4 15. g5 Nxb5 16. gxf6 Qxe3 17. Bxe3 Nd6 18. fxg7 Kxg7 19. cxd5 exd5 20. Rad1 Nc4 21. Bd4 Nxe5 22. Bxe5+ f6 23. Bd6 Rfd8 24. Rxd5 Bf7 25. Rd3 Bxa2 26. Re1 Bf7 27. Re7 f5 28. Rxb7 Rac8 29. f4 Kg8 30. Rg3+ Bg6 31. Rd3 Rc6 32. Ra3 Rcxd6 33. Raxa7 Rd1+ 34. Kf2 R1d2+ 35. Kg3 R2d3+ 36. Kh4 Kh8 37. Kg5 Rxh3 38. Kf6 Rf8+ 39. Ke7 Rf7+ 40. Ke6 1-0

[Event "Late-Titled-Tuesday-Blitz-July-09-2024"]
[Site "Chess.com"]
[Date "2024.07.09"]
[Round "1"]
[White "Brown_Mamba24"]
[Black "dropstoneDP"]
[Result "1/2-1/2"]
[WhiteElo "2517"]
[BlackElo "3027"]
[TimeControl "180+1"]
[EndTime "14:07:42 PDT"]
[Termination "Game drawn - insufficient material"]

1. d4 d5 2. Nf3 Nf6 3. c4 dxc4 4. e3 e6 5. Bxc4 a6 6. a4 Be7 7. O-O O-O 8. Nc3 c5 9. d5 exd5 10. Nxd5 Nxd5 11. Bxd5 Nc6 12. e4 Bg4 13. h3 Bh5 14. Bxc6 bxc6 15. Qxd8 Rfxd8 16. Ne5 Bf6 17. Nxc6 Rdc8 18.
e5 Bh4 19. Na5 Bd8 20. Nc4 Be2 21. Nd6 Rcb8 22. Re1 Bd3 23. Ra3 c4 24. e6 fxe6 25. Rxe6 Bf6 26. Ne4 Bxb2 27. Bxb2 Rxb2 28. Nc5 Rd8 29. Re3 Rd2 30. Ne6 Re8 31. Rc3 h6 32. Nc5 Rxe3 33. fxe3 a5 34. Nxd3 cxd3 35. Rc8+ Kf7 36. Rd8 Ke6 37. Rd4 Ke5 38. Kh2 h5 39. Kg3 g5 40. h4 gxh4+ 41. Kxh4 Rxg2 42. Rxd3 Rg4+ 43. Kxh5 Rxa4 44. Rb3 Rb4 45. Ra3 a4 46. Kg5 Rc4 47. Kg6 Rc6+ 48. Kg5 Ra6 49. Kg4 Kd5 50. Kf4 Kc4 51. e4 Kb4 52. Ra1 a3 53. e5 Kc3 54.
Kf5 Kb2 55. Re1 a2 56. e6 Ra7 57. Kf6 Ra6 58. Kf7 Ra7+ 59. e7 a1=Q 60. Rxa1 Kxa1 61. Kf8 Rxe7 62. Kxe7 1/2-1/2

[Event "Late-Titled-Tuesday-Blitz-July-09-2024"]
[Site "Chess.com"]
[Date "2024.07.09"]
[Round "1"]
[White "PNEPaul"]
[Black "Kyrko_Gamba"]
[Result "0-1"]
[WhiteElo "1883"]
[BlackElo "2526"]
[TimeControl "180+1"]
[EndTime "14:07:43 PDT"]
[Termination "Kyrko_Gamba won on time"]

1. e4 d6 2. Nc3 g6 3. g3 Bg7 4.
Bg2 c5 5. Nge2 Nc6 6. d3 e6 7. h3 Nge7 8. O-O Rb8 9. f4 b5 10.
g4 b4 11. Nb1 f5 12. Ng3 O-O 13. Be3 Bxb2 14. Nd2 Bxa1 15. Qxa1 Qe8 16. Re1 fxg4 17. hxg4 e5 18. f5 Nd4 19. Qc1 Qf7 20. Bh6 Re8 21. Nc4 Rd8 22. Rf1 Ba6 23. Ne3 Nec6 24. g5 Qxa2 25.
Nd5 Qxc2 26. Nf6+ Kf7 27. fxg6+ Kxg6 28. Qe1 Rb7 29. Nf5 Ne2+ 30. Kh2 Nf4 31. Rxf4 exf4 32. Qh4 Kf7 33. Qh5+ Ke6 34. Qg4 Ke5 35. Nd5 Rf7 36. g6 Rxf5 37. Qxf5+ Kd4 38. Qxf4 Qxd3 39. Bg7+ Ne5 40.
Qf2+ Kc4 41. Ne3+ Qxe3 42. Qxe3 Ng4+ 43. Kg3 Nxe3 44. Kf3 Nc2 45. Bf1+ Kb3 46. Bxa6 Nd4+ 47. Ke3 hxg6 0-1

[Event "Late-Titled-Tuesday-Blitz-July-09-2024"]
[Site "Chess.com"]
[Date "2024.07.09"]
[Round "1"]
[White "JanMur7"]
[Black "dennisodessa"]
[Result "1-0"]
[WhiteElo "2302"]
[BlackElo "2605"]
[TimeControl "180+1"]
[EndTime "14:07:46 PDT"]
[Termination "JanMur7 won on time"]

1. c4 e5 2. Nc3 Nf6 3. Nf3 Nc6 4.
e4 Bb4 5. d3 h6 6. Be2 O-O 7.
O-O d6 8. Nd5 Bc5 9. a3 a5 10. Be3 Nd4 11. Nxd4 Bxd4 12. Bxd4 exd4 13. Nxf6+ Qxf6 14. Bg4 a4 15. Bxc8 Rfxc8 16. f4 Ra6 17.
Rb1 Rb8 18. b4 axb3 19. Rxb3 b6 20. g3 Rba8 21. Qc1 Ra5 22. Kg2 Qg6 23. Qb2 Qf6 24. Ra1 g5 25. Rf1 Qg7 26. f5 Qe5 27. Ra1 Qc5 28.
Rb4 f6 29. a4 Kg7 30. Qb3 Qc6 31. Rb5 Rxb5 32. axb5 Qb7 33. Ra4 Rxa4 34. Qxa4 Kf7 35. Qa2 Ke7 36. c5 bxc5 37. Qe6+ Kd8 38. Qxf6+ Kc8 39.
Qf8+ Kd7 40. Qf7+ Kd8 41. f6 Qxb5 42. Qe7+ Kc8 43. f7 Qb2+ 44. Kf3 1-0

[Event "Late-Titled-Tuesday-Blitz-July-09-2024"]
[Site "Chess.com"]
[Date "2024.07.09"]
[Round "1"]
[White "bubeliang"]
[Black "IndianSchoolOfSuffering"]
[Result "1-0"]
[WhiteElo "2816"]
[BlackElo "2438"]
[TimeControl "180+1"]
[EndTime "14:07:50 PDT"]
[Termination "bubeliang won by resignation"]

1. e4 e5 2. Nf3 Nc6 3. Nc3 Nf6 4. Bb5 Bb4 5. Bxc6 bxc6 6. Nxe5 O-O 7. O-O Re8 8. Nd3 Bxc3 9. dxc3 Nxe4 10. f3 Nf6 11.
Bg5 d5 12. Qd2 Bf5 13. Rfe1 Qd6 14. Bf4 Qd7 15. Be5 Bxd3 16. cxd3 Re6 17. Qg5 h6 18. Qg3 Rae8 19. Bxf6 Rxf6 20. Rxe8+ Qxe8 21. Re1 Re6 22. Kf1 Qe7 23. Rxe6 fxe6 24. Qe5 Kf7 25. d4 c5 26. Qf4+ Ke8 27. Ke2 cxd4 28. Qxd4 c5 29. Qe5 Kf7 30. f4 c4 31. Kf3 Qd7 32. g4 Qc6 33. Kg3 Qb6 34.
f5 Qg1+ 35. Kh3 Qf1+ 36. Kh4 Qf2+ 37. Kh5 Qb6 38. Qxe6+ Qxe6 39. fxe6+ Kxe6 40. Kg6 Ke5 41. Kxg7 Kf4 42. Kxh6 Kxg4 43. Kg6 Kf4 44. h4 d4 45. cxd4 Ke4 46. h5 Kxd4 47. h6 Kd3 48. h7 Kc2 49. h8=Q c3 50. Qxc3+ Kb1 51. a4 Ka2 52. b4 1-0

[Event "Late-Titled-Tuesday-Blitz-July-09-2024"]
[Site "Chess.com"]
[Date "2024.07.09"]
[Round "1"]
[White "Road2GM3000"]
[Black "Wizard_97"]
[Result "0-1"]
[WhiteElo "2400"]
[BlackElo "2724"]
[TimeControl "180+1"]
[EndTime "14:07:54 PDT"]
[Termination "Wizard_97 won by resignation"]

1. d4 d5 2. c4 c6 3. Nc3 a6 4.
cxd5 cxd5 5. Nf3 Nf6 6. Bg5 Ne4 7. Bf4 Nc6 8. e3 Bf5 9. Bd3 Nxc3 10. bxc3 Bg6 11. O-O e6 12. c4 Be7 13. cxd5 Qxd5 14.
Rb1 O-O 15. Bxg6 hxg6 16. Rxb7 Qxa2 17. Ne5 Nxe5 18. Bxe5 Rfe8 19. Qf3 Rad8 20. Qc6 a5 21. Ra7 Qd5 22. Qa6 Bb4 23. h3 Ra8 24. Rc1 Rxa7 25. Qxa7 Ra8 26. Qc7 a4 27. Rc6 a3 28. Qb7 Qa5 29.
Rxe6 a2 30. Rxg6 a1=Q+ 31. Kh2 Qxe5+ 32. dxe5 Qxe5+ 33. f4 Qb8 34. Qd5 Ra5 35. Qc4 Rc5 36. Qa2 Rc3 37. Rg3 Bd6 38. Qd5 Rc5 39. Qe4 Qf8 40.
Rf3 Rc7 41. Rf2 Re7 42. Qf3 Qd8 43. e4 f6 44. g3 Qe8 45. Re2 Qf7 46. Qd3 Qe6 47. Rd2 Bc7 48. Re2 Qc6 49. Qb3+ Qe6 50. Qf3 Rd7 51. Qc3 Qe7 52. Qb3+ Qf7 53. Qf3 Qe8 54. Qg4 Qd8 55. h4 Rd2 56. Kh3 Rxe2 57. Qxe2 Qd7+ 58. Kh2 Qc6 59. Qa2+ Kh8 60. Kh3 Qxe4 61.
Qa8+ Qxa8 0-1

[Event "Late-Titled-Tuesday-Blitz-July-09-2024"]
[Site "Chess.com"]
[Date "2024.07.09"]
[Round "1"]
[White "mind1mover"]
[Black "ural58"]
[Result "1/2-1/2"]
[WhiteElo "2818"]
[BlackElo "2453"]
[TimeControl "180+1"]
[EndTime "14:07:57 PDT"]
[Termination "Game drawn by repetition"]

1. Nf3 d5 2. e3 Nc6 3. Bb5 Bg4 4.
h3 Bxf3 5. Bxc6+ bxc6 6. Qxf3 e5 7. c4 e4 8. Qe2 Nf6 9. O-O Bd6 10. d3 exd3 11. Qxd3 O-O 12. Nc3 Rb8 13. b3 Qe7 14.
Bb2 Qe5 15. f4 Qh5 16. Rad1 dxc4 17. Qxc4 c5 18. Ne2 Rb4 19. Qc2 Qg6 20. Qxg6 hxg6 21.
Nc3 Re8 22. Rfe1 c4 23. Ba3 cxb3 24. axb3 Rxb3 25. Bxd6 Rxc3 26. Be5 Rc2 27. Ra1 Nd7 28. Ra5 Nxe5 29. fxe5 c5 30. Rxa7 Rxe5 31. Ra8+ Kh7 32. Rc8 Rg5 33. g4 f5 34. Re8 fxg4 35. h4 Rh5 36.
Re4 Rxh4 37. Rf1 Kh6 38. Rf7 Rch2 39. Rf8 Rh1+ 40. Kg2 R4h2+ 41. Kg3 Rh3+ 42. Kg2 R1h2+ 43. Kg1 Kg5 44. Rff4 Rh1+ 45. Kg2 R3h2+ 46. Kg3 Kh5 47. Re5+ g5 48. Rff5 Rh3+ 49. Kg2 R1h2+ 50. Kg1 g6 51. Rf8 Kh6 52. Re7 Rh1+ 53. Kg2 R1h2+ 54. Kg1 Rh1+ 55. Kg2 R1h2+ 56. Kg1 1/2-1/2

[Event "Late-Titled-Tuesday-Blitz-July-09-2024"]
[Site "Chess.com"]
[Date "2024.07.09"]
[Round "1"]
[White "Klendi"]
[Black "Evandro_Barbosa"]
[Result "0-1"]
[WhiteElo "2418"]
[BlackElo "2767"]
[TimeControl "180+1"]
[EndTime "14:07:57 PDT"]
[Termination "Evandro_Barbosa won on time"]

1. e4 c5 2. c3 Nf6 3. e5 Nd5 4. d4 cxd4 5. cxd4 e6 6. Nc3 Nxc3 7.
bxc3 d6 8. f4 Bd7 9. Nf3 Bc6 10.
Bd3 g6 11. a4 Bg7 12. Ba3 Bf8 13. O-O Bxf3 14. Qxf3 d5 15. f5 gxf5 16. Bxf5 Qd7 17. Bxf8 Rxf8 18. Bxh7 Nc6 19. Qf6 Ne7 20. Rfc1 O-O-O 21.
a5 Kb8 22. Bd3 Rc8 23. Rab1 Ka8 24. Bb5 Qc7 25. a6 b6 26. c4 Qd8 27. cxd5 Nxd5 28.
Qxd8 Rfxd8 29. Bc6+ Kb8 30. Bxd5 Rxd5 31. Rf1 Rc7 32. Rf4 b5 33. h4 Rcd7 34. Kf2 Kc7 35. h5 Kb6 36. Ke3 Kxa6 37. Rbf1 b4 38. Rxf7 Kb5 39.
Rf8 a5 40. Rb8+ Ka4 41. Ra1+ Kb3 42. Ra8 Rxd4 43. R8xa5 Rd3+ 44. Kf4 Kb2 45. g4 b3 46. Re1 R7d4+ 47. Kg5 Rg3 48. Kf6 Rgxg4 49. Kxe6 Rh4 50. Re2+ Kc3 0-1

[Event "Late-Titled-Tuesday-Blitz-July-09-2024"]
[Site "Chess.com"]
[Date "2024.07.09"]
[Round "1"]
[White "Mariia89"]
[Black "ELPRIMO0O0"]
[Result "0-1"]
[WhiteElo "2245"]
[BlackElo "2603"]
[TimeControl "180+1"]
[EndTime "14:07:57 PDT"]
[Termination "ELPRIMO0O0 won on time"]

1. d4 Nf6 2. Nf3 c5 3. d5 b5 4.
c4 b4 5. g3 g6 6. Bg2 Bg7 7. O-O d6 8. Re1 O-O 9. e4 a5 10. h3 a4 11. e5 dxe5 12. Nxe5 a3 13. Nd2 Nfd7 14. Ndf3 Nxe5 15. Nxe5 Bf5 16. g4 Bd7 17.
Rb1 axb2 18. Rxb2 Ba4 19. Qf3 Nd7 20. Bf4 Nxe5 21. Bxe5 Bxe5 22. Rxe5 Qd6 23. Re3 Ra7 24. h4 Rfa8 25. Qe4 Kf8 26. h5 Bd7 27. Ree2 Ra3 28. h6 f6 29. Bf1 Rc3 30. Re3 Raa3 31. Rbe2 Rxe3 32. Rxe3 Rxa2 33. Bd3 b3 34. Kg2 b2 35.
Bb1 Ra1 36. Re2 Bxg4 37. Rxb2 Bf5 38. Qe1 Qf4 39. Qc3 Rxb1 40. Rxb1 Bxb1 41. Qb2 Be4+ 42. Kf1 Bd3+ 43. Ke1 Qe4+ 44. Kd2 Qe2+ 45. Kc3 Qxb2+ 46. Kxb2 Bxc4 0-1

[Event "Late-Titled-Tuesday-Blitz-July-09-2024"]
[Site "Chess.com"]
[Date "2024.07.09"]
[Round "1"]
[White "AmbartsumianTyhran2012"]
[Black "ritanovikova"]
[Result "1-0"]
[WhiteElo "2565"]
[BlackElo "2134"]
[TimeControl "180+1"]
[EndTime "14:07:57 PDT"]
[Termination "AmbartsumianTyhran2012 won on time"]

1. e4 e5 2. Nf3 Nf6 3. Nxe5 d6 4.
Nf3 Nxe4 5. Nc3 Nxc3 6. dxc3 Bf5 7. Be3 Nd7 8. Qd2 Nf6 9. O-O-O Qd7 10. Bd3 Be7 11.
Kb1 a6 12. Rhe1 O-O-O 13. h3 Rhe8 14. c4 Kb8 15. Nd4 Bg6 16. Nb3 Ne4 17. Qa5 Qc6 18. f3 Nc5 19. Bxg6 Nxb3 20. axb3 hxg6 21. Qd5 Bh4 22.
Qxc6 bxc6 23. Re2 Re6 24. Rd4 g5 25. Re4 Rxe4 26. fxe4 Re8 27. b4 Kb7 28. Bd4 g6 29.
Kc1 f5 30. e5 dxe5 31. Rxe5 Rxe5 32. Bxe5 g4 33. hxg4 fxg4 34. Kd2 Kc8 35. Ke3 Bg5+ 36. Ke4 Kd7 37. b3 Be7 38. Bc3 Ke6 39. Kf4 Bd6+ 40. Kxg4 Be7 41. Kf4 Bd6+ 42. Kg5 Kf7 43. Kg4 Be7 44. c5 Bd8 45. Kf4 Ke6 46. Ke4 g5 47. Be5 1-0